Match 47383303
Unlisted

Match 47383303
End
Construct Weapon Support Center
Engineer Squad
Construct Barracks
Selects Advanced Infantry Battlegroup
1⁄4-ton 4x4 Truck
M1 Mortar Team
Riflemen Squad
.30 cal Machine Gun
Riflemen Squad
Grenade Package
Selects Convert to Ranger Squad
Selects Frontline Medical Station
Convert to Ranger Squad
Frontline Medical Station
Mechanized Support Center
Selects Ammunition Storage
Construct Tank Depot
M4A1 Sherman Medium Tank
Freeze
KoMoDЫ4
_Nemez_
Hauptmann GLIST
LotDExile
PamarkCOH3
Mellow Elf
Potato Elf
0
0

Comments sign in to comment!

No comments posted yet!